Heat vs Thunderbirds
Created - May 14, 2023 at 20:58
Goals
|
| Heat |
0 |
2 |
0 |
2 |
| Thunderbirds |
0 |
2 |
1 |
3 |
|
Shots
|
| Heat |
13 |
8 |
6 |
27 |
| Thunderbirds |
8 |
12 |
11 |
31 |
|
1st period
No Goal
Penalties :
No Penalty
2nd period
1. Thunderbirds , Dominik Kahun 21 (Radim Simek 13, Viktor Baldayev 3) at 0:28
2. Heat , Evgeny Svechnikov 43 (Victor Rask 76, Matthew Nieto 80) at 3:06
3. Thunderbirds , Tanner Laczynski 9 (Dylan Gambrell 13, Matt Puempel 2) at 10:33
4. Heat , Erik Brannstrom 9 (Philip Varone 21) at 14:27
Penalties :
Petteri Lindbohm (Sto) for Roughing (Minor) at 5:47, Kirill Kaprizov (Spr) for Hooking (Minor) at 10:57, Patrick Brown (Spr) for Cross-checking (Minor) at 15:47
3rd period
5. Thunderbirds , Tanner Laczynski 10 (Dylan Gambrell 14, Griffin Reinhart 43) at 1:17
Penalties :
Barclay Goodrow (Sto) for High sticking (Minor) at 4:12, Viktor Baldayev (Spr) for High sticking (Minor) at 12:29, Viktor Baldayev (Spr) for Tripping (Minor) at 16:24, Kirill Kaprizov (Spr) for Interference (Minor) at 19:40
Goalie Stats
Michael Hutchinson (Sto), 28 saves from 31 shots - (0.903), L, 36-25-3, 59:02 minutes
Carter Hutton (Spr), 25 saves from 27 shots - (0.926), W, 35-16-3, 60:00 minutes
Players Stats for Heat
Player Name G A P +/- PIM S H SB GA TA FO MP PP MP PK MP
------------------------------------------------------------------------------------
Barclay Goodrow 0 0 0 0 2 2 2 1 0 1 0/1 17:42 3:51 0:53
Chris Brown 0 0 0 0 0 2 2 0 1 0 0/0 12:46 0:01 0:48
Christian Jaros 0 0 0 0 0 0 0 0 0 1 0/0 14:42 0:00 0:57
Dominik Masin 0 0 0 0 0 1 0 3 0 0 0/0 21:36 4:04 1:32
Eric Karlsson 0 0 0 -1 0 0 1 0 0 0 0/0 9:38 0:00 1:36
Erik Brannstrom 1 0 1 1 0 2 2 0 2 0 0/0 18:04 4:04 0:00
Evgeny Svechnikov 1 0 1 0 0 3 0 0 0 0 0/2 20:12 4:20 0:00
Jesper Bratt 0 0 0 0 0 1 1 1 0 0 1/1 14:58 3:51 0:17
Mathieu Brodeur 0 0 0 -1 0 1 1 6 1 0 0/0 24:31 4:11 2:26
Matthew Nieto 0 1 1 0 0 3 3 0 0 0 0/1 20:33 4:20 0:33
Nico Sturm 0 0 0 -1 0 1 0 0 0 0 1/2 9:28 0:00 1:39
Peter Cehlarik 0 0 0 0 0 1 3 1 0 1 0/0 12:52 0:07 0:00
Petteri Lindbohm 0 0 0 0 2 1 0 1 0 1 0/0 14:53 0:00 0:35
Philip Varone 0 1 1 0 0 4 2 0 0 0 4/11 18:28 3:51 2:10
Rasmus Andersson 0 0 0 -2 0 2 1 2 1 3 0/0 26:37 4:11 2:26
Ryan Spooner 0 0 0 0 0 2 0 0 0 0 3/4 10:38 0:00 0:00
Tage Thompson 0 0 0 -1 0 0 1 1 0 0 0/0 8:22 0:04 0:00
Victor Rask 0 1 1 0 0 1 1 0 0 0 12/30 20:00 4:20 0:00
Players Stats for Thunderbirds
Player Name G A P +/- PIM S H SB GA TA FO MP PP MP PK MP
------------------------------------------------------------------------------------
Anthony Beauvillier 0 0 0 0 0 1 0 0 0 0 0/0 15:15 1:45 0:00
Austin Poganski 0 0 0 0 0 0 0 0 0 0 0/0 0:19 0:04 0:00
Charles Hudon 0 0 0 0 0 0 0 0 0 0 0/0 1:49 0:00 1:47
Dominik Kahun 1 0 1 0 0 2 1 0 0 0 0/0 15:59 1:45 0:44
Drake Batherson 0 0 0 0 0 4 1 0 3 0 0/0 11:43 0:00 0:00
Dylan Gambrell 0 2 2 2 0 0 0 0 0 0 1/2 6:56 0:00 0:00
Elias Lindholm 0 0 0 -1 0 5 1 0 0 0 20/31 22:01 2:09 4:35
Filip Hronek 0 0 0 1 0 2 0 1 0 0 0/0 21:46 1:38 2:31
Griffin Reinhart 0 1 1 1 0 0 2 0 0 1 0/0 26:48 2:20 5:34
Jacob Larsson 0 0 0 -1 0 1 0 1 0 0 0/0 13:50 0:00 2:33
Jake Walman 0 0 0 -1 0 0 1 0 0 0 0/0 11:14 0:00 0:00
Kale Clague 0 0 0 0 0 0 0 1 0 0 0/0 2:53 0:00 0:22
Kirill Kaprizov 0 0 0 -1 4 1 0 0 1 0 0/1 20:33 2:09 3:05
Matt Puempel 0 1 1 2 0 1 0 0 0 0 0/0 7:03 0:00 0:01
Mitchell Heard 0 0 0 0 0 2 2 0 0 0 3/6 11:43 0:00 0:00
Morgan Geekie 0 0 0 0 0 0 0 0 0 0 0/0 0:46 0:00 0:40
Nicklas Jensen 0 0 0 0 0 0 0 0 0 0 0/0 0:19 0:04 0:00
Patrick Brown 0 0 0 0 2 4 0 0 0 1 4/8 16:27 1:45 1:13
Petr Straka 0 0 0 -1 0 1 2 0 2 0 3/4 19:28 2:09 2:05
Radim Simek 0 1 1 1 0 1 1 3 0 0 0/0 21:46 1:38 2:31
Roberts Lipsbergs 0 0 0 0 0 0 0 0 0 1 0/0 2:20 0:00 2:20
Shane Prince 0 0 0 0 0 0 1 0 1 1 0/0 11:43 0:00 0:00
Tanner Laczynski 2 0 2 2 0 5 0 0 0 0 0/0 6:56 0:00 0:00
Tyson Jost 0 0 0 0 0 1 0 0 0 0 0/0 0:19 0:04 0:00
Viktor Baldayev 0 1 1 1 4 0 2 2 0 1 0/0 21:44 2:20 2:59
3 Stars
1 - Tanner Laczynski (Spr)
2 - Dylan Gambrell (Spr)
3 - Erik Brannstrom (Sto)
Power Play
Heat - 0 on 5 Attempt(s) - 0.00%
Thunderbirds - 0 on 2 Attempt(s) - 0.00%
Penalty Kill
Heat - 2 on 2 Attempt(s) - 100.00%
- Score 0 goal in Penalty Kill
Thunderbirds - 5 on 5 Attempt(s) - 100.00%
- Score 0 goal in Penalty Kill
Team Stat
Heat - Hits : 20 - Faceoff Wins : 21 - Blocked Shots : 16 - Penalty Minutes : 4
Thunderbirds - Hits : 14 - Faceoff Wins : 31 - Blocked Shots : 8 - Penalty Minutes : 10
Official
Referees : Jacob Brenk and Chris Schlenker
Linesman : Libor Suchanek and James Tobias
Game Notes
No Game Note
Finance
Level 1 -- Attendance: 2000 (100.00%) -- Ticket Income $70,000
Level 2 -- Attendance: 967 (96.70%) -- Ticket Income $14,505
Total Attendance: 2967 (98.90%)
Total Ticket Income: $84,505
Other Income: $4,225
Total Income: $88,730
Heat
5 vs 5 Forward
Center Left Wing Right Wing Time % Phy DF OF
1 Victor Rask Matthew Nieto Evgeny Svechnikov 40 1 2 2
2 Philip Varone Peter Cehlarik Barclay Goodrow 30 1 2 2
3 Ryan Spooner Jesper Bratt Chris Brown 20 1 2 2
4 Nico Sturm Eric Karlsson Tage Thompson 10 1 2 2
5 vs 5 Defense
Defense Defense Time % Phy DF OF
1 Mathieu Brodeur Rasmus Andersson 40 1 2 2
2 Dominik Masin Erik Brannstrom 30 1 2 2
3 Petteri Lindbohm Christian Jaros 20 1 2 2
4 Dominik Masin Rasmus Andersson 10 1 2 2
PowerPlay Forward
Center Left Wing Right Wing Time % Phy DF OF
1 Victor Rask Matthew Nieto Evgeny Svechnikov 60 1 2 2
2 Philip Varone Jesper Bratt Barclay Goodrow 40 1 2 2
PowerPlay Defense
Defense Defense Time % Phy DF OF
1 Mathieu Brodeur Rasmus Andersson 60 1 2 2
2 Dominik Masin Erik Brannstrom 40 1 2 2
Penalty Kill 4 Players Forward
Center Wing Time % Phy DF OF
1 Philip Varone Barclay Goodrow 60 1 2 2
2 Nico Sturm Jesper Bratt 40 1 2 2
Penalty Kill 4 Players Defense
Defense Defense Time % Phy DF OF
1 Mathieu Brodeur Rasmus Andersson 60 1 2 2
2 Dominik Masin Petteri Lindbohm 40 1 2 2
Penalty Kill - 3 Players Forward
Forward Time % Phy DF OF
1 Philip Varone 60 1 2 2
2 Victor Rask 40 1 2 2
Penalty Kill - 3 Players Defense
Defense Defense Time % Phy DF OF
1 Mathieu Brodeur Rasmus Andersson 60 1 2 2
2 Dominik Masin Petteri Lindbohm 40 1 2 2
4 vs 4 Forward
Center Wing Time % Phy DF OF
1 Victor Rask Matthew Nieto 60 1 2 2
2 Philip Varone Evgeny Svechnikov 40 1 2 2
4 vs 4 Defense
Defense Defense Time % Phy DF OF
1 Mathieu Brodeur Rasmus Andersson 60 1 2 2
2 Dominik Masin Erik Brannstrom 40 1 2 2
Last Minutes Offensive
Center Left Wing Right Wing Defense Defense
Victor Rask Matthew Nieto Evgeny Svechnikov Mathieu Brodeur Rasmus Andersson
Last Minutes Defensive
Center Left Wing Right Wing Defense Defense
Victor Rask Matthew Nieto Evgeny Svechnikov Mathieu Brodeur Rasmus Andersson
Goaltenders
Starting : Michael Hutchinson
Backup : Vitek Vanecek
Extra Forwards
Normal : Philip Varone, Jesper Bratt, Barclay Goodrow - PP : Peter Cehlarik, Tage Thompson - PK : Nico Sturm
Extra Defensemen
Normal : Dominik Masin, Erik Brannstrom, Petteri Lindbohm - PP : Erik Brannstrom - PK : Dominik Masin, Petteri Lindbohm
Penalty Shots
Victor Rask, Matthew Nieto, Evgeny Svechnikov, Jesper Bratt, Philip Varone
Scratches
Brandon Hickey (Healthy), Skyler Brind'Amour (Healthy), Frank Corrado (Sore Right Knee Injury), John Gilmour (Healthy), Darren Raddysh (Healthy)
Ryan Donato (Healthy), Ivan Chekhovich (Healthy), Trevor Carrick (Healthy), Vladislav Kamenev (Healthy), Taylor Raddysh (Healthy)
Radim Zohorna (Healthy), Collin Delia (Healthy)
Thunderbirds
5 vs 5 Forward
Center Left Wing Right Wing Time % Phy DF OF
1 Elias Lindholm Kirill Kaprizov Petr Straka 40 1 2 2
2 Patrick Brown Dominik Kahun Anthony Beauvillier 30 1 2 2
3 Mitchell Heard Shane Prince Drake Batherson 20 1 2 2
4 Dylan Gambrell Matt Puempel Tanner Laczynski 10 1 2 2
5 vs 5 Defense
Defense Defense Time % Phy DF OF
1 Griffin Reinhart Viktor Baldayev 40 1 2 2
2 Filip Hronek Radim Simek 30 1 2 2
3 Jake Walman Jacob Larsson 20 1 2 2
4 Kale Clague Griffin Reinhart 10 1 2 2
PowerPlay Forward
Center Left Wing Right Wing Time % Phy DF OF
1 Elias Lindholm Kirill Kaprizov Petr Straka 60 1 2 2
2 Patrick Brown Dominik Kahun Anthony Beauvillier 40 1 2 2
PowerPlay Defense
Defense Defense Time % Phy DF OF
1 Griffin Reinhart Viktor Baldayev 60 1 2 2
2 Filip Hronek Radim Simek 40 1 2 2
Penalty Kill 4 Players Forward
Center Wing Time % Phy DF OF
1 Elias Lindholm Kirill Kaprizov 60 1 2 2
2 Petr Straka Patrick Brown 40 1 2 2
Penalty Kill 4 Players Defense
Defense Defense Time % Phy DF OF
1 Griffin Reinhart Viktor Baldayev 60 1 2 2
2 Filip Hronek Radim Simek 40 1 2 2
Penalty Kill - 3 Players Forward
Forward Time % Phy DF OF
1 Elias Lindholm 60 1 2 2
2 Kirill Kaprizov 40 1 2 2
Penalty Kill - 3 Players Defense
Defense Defense Time % Phy DF OF
1 Griffin Reinhart Viktor Baldayev 60 1 2 2
2 Filip Hronek Radim Simek 40 1 2 2
4 vs 4 Forward
Center Wing Time % Phy DF OF
1 Elias Lindholm Kirill Kaprizov 60 1 2 2
2 Petr Straka Patrick Brown 40 1 2 2
4 vs 4 Defense
Defense Defense Time % Phy DF OF
1 Griffin Reinhart Viktor Baldayev 60 1 2 2
2 Filip Hronek Radim Simek 40 1 2 2
Last Minutes Offensive
Center Left Wing Right Wing Defense Defense
Elias Lindholm Kirill Kaprizov Petr Straka Griffin Reinhart Viktor Baldayev
Last Minutes Defensive
Center Left Wing Right Wing Defense Defense
Elias Lindholm Kirill Kaprizov Petr Straka Griffin Reinhart Viktor Baldayev
Goaltenders
Starting : Carter Hutton
Backup : Phoenix Copley
Extra Forwards
Normal : Nicklas Jensen, Tyson Jost, Roberts Lipsbergs - PP : Nicklas Jensen, Tyson Jost - PK : Roberts Lipsbergs
Extra Defensemen
Normal : Jake Walman, Jacob Larsson, Kale Clague - PP : Jake Walman - PK : Jacob Larsson, Kale Clague
Penalty Shots
Elias Lindholm, Kirill Kaprizov, Petr Straka, Patrick Brown, Dominik Kahun
Scratches
Morgan Frost (Healthy), Blake Geoffrion (Suspend), Adam Ruzicka (Healthy), Timothy Liljegren (Healthy), Grant Hutton (Healthy)
Calvin Thurkauf (Healthy), Artur Kayumov (Healthy)
% Time on Ice - Heat
Lines # - Real PCT - Wanted PCT - Time Play
Normal Forward
1 - 35% - 40% - 16:31
2 - 27% - 30% - 12:53
3 - 22% - 20% - 10:38
4 - 16% - 10% - 7:33
Normal Defense
1 - 38% - 40% - 17:54
2 - 31% - 30% - 14:41
3 - 27% - 20% - 12:48
4 - 5% - 10% - 2:12
PP Forward
1 - 53% - 60% - 4:24
2 - 47% - 40% - 3:51
PP Defense
1 - 51% - 60% - 4:11
2 - 49% - 40% - 4:04
PK Forward
1 - 93% - 60% - 3:41
2 - 7% - 40% - 0:17
PK Defense
1 - 61% - 60% - 2:26
2 - 39% - 40% - 1:32
PK3 Forward
1 - 0% - 60%
2 - 0% - 40%
PK3 Defense
1 - 0% - 60%
2 - 0% - 40%
44 Forward
1 - 0% - 60%
2 - 0% - 40%
44 Defense
1 - 0% - 60%
2 - 0% - 40%
Last Minute Offensive - 0:12
Last Minute Defensive - 0:00
Total
Forward - 60:00
Defense - 60:00
|
% Time on Ice - Thunderbirds
Lines # - Real PCT - Wanted PCT - Time Play
Normal Forward
1 - 31% - 40% - 14:44
2 - 29% - 30% - 13:30
3 - 25% - 20% - 11:43
4 - 15% - 10% - 6:56
Normal Defense
1 - 35% - 40% - 16:15
2 - 36% - 30% - 16:55
3 - 24% - 20% - 11:14
4 - 5% - 10% - 2:29
PP Forward
1 - 56% - 60% - 2:13
2 - 44% - 40% - 1:45
PP Defense
1 - 59% - 60% - 2:20
2 - 41% - 40% - 1:38
PK Forward
1 - 75% - 60% - 6:10
2 - 25% - 40% - 2:05
PK Defense
1 - 69% - 60% - 5:44
2 - 31% - 40% - 2:31
PK3 Forward
1 - 0% - 60%
2 - 0% - 40%
PK3 Defense
1 - 0% - 60%
2 - 0% - 40%
44 Forward
1 - 0% - 60%
2 - 0% - 40%
44 Defense
1 - 0% - 60%
2 - 0% - 40%
Last Minute Offensive - 0:00
Last Minute Defensive - 0:54
Total
Forward - 60:00
Defense - 60:00
|
Play-by-Play
1st period
0:01 of 1st period - Victor Rask wins face-off versus Elias Lindholm in neutral zone.
0:12 of 1st period - Snap shot by Victor Rask.
0:12 of 1st period - Shot Misses the Net.
0:35 of 1st period - Wrist shot by Philip Varone.
0:35 of 1st period - Stopped by Carter Hutton without a rebound.
0:36 of 1st period - Ryan Spooner wins face-off versus Mitchell Heard in Thunderbirds zone.
0:37 of 1st period - Slapshot by Erik Brannstrom.
0:37 of 1st period - Stopped by Carter Hutton with a rebound.
0:39 of 1st period - Snap shot by Erik Brannstrom.
0:39 of 1st period - Shot Blocked by Radim Simek.
0:41 of 1st period - Snap shot by Dominik Masin.
0:41 of 1st period - Deflect By Mitchell Heard.
0:41 of 1st period - Stopped by Carter Hutton with a rebound.
0:43 of 1st period - Slapshot by Dominik Masin.
0:43 of 1st period - Shot Blocked by Radim Simek.
0:45 of 1st period - Wrist shot by Erik Brannstrom.
0:45 of 1st period - Shot Blocked by Radim Simek.
0:52 of 1st period - Off-side.
0:53 of 1st period - Nico Sturm wins face-off versus Dylan Gambrell in neutral zone.
1:02 of 1st period - Snap shot by Eric Karlsson.
1:02 of 1st period - Shot Misses the Net.
1:23 of 1st period - Wrist shot by Evgeny Svechnikov.
1:23 of 1st period - Shot Blocked by Jacob Larsson.
1:43 of 1st period - Slapshot by Elias Lindholm.
1:43 of 1st period - Shot Misses the Net.
2:31 of 1st period - Tanner Laczynski is hit by Eric Karlsson and loses puck.
3:02 of 1st period - Radim Simek is hit by Peter Cehlarik and loses puck.
3:47 of 1st period - Erik Brannstrom is hit by Griffin Reinhart and loses puck.
3:59 of 1st period - Off-side.
4:00 of 1st period - Patrick Brown wins face-off versus Victor Rask in neutral zone.
4:53 of 1st period - Wrist shot by Drake Batherson.
4:53 of 1st period - Stopped by Michael Hutchinson with a rebound.
4:55 of 1st period - Wrist shot by Radim Simek.
4:55 of 1st period - Stopped by Michael Hutchinson with a rebound.
4:57 of 1st period - Slapshot by Radim Simek.
4:57 of 1st period - Shot Misses the Net.
4:59 of 1st period - Slapshot by Radim Simek.
4:59 of 1st period - Shot Misses the Net.
5:41 of 1st period - Wrist shot by Evgeny Svechnikov.
5:41 of 1st period - Stopped by Carter Hutton with a rebound.
5:51 of 1st period - Snap shot by Peter Cehlarik.
5:51 of 1st period - Shot Misses the Net.
5:53 of 1st period - Snap shot by Peter Cehlarik.
5:53 of 1st period - Stopped by Carter Hutton with a rebound.
5:55 of 1st period - Slapshot by Mathieu Brodeur.
5:55 of 1st period - Shot Blocked by Kale Clague.
5:57 of 1st period - Slapshot by Rasmus Andersson.
5:57 of 1st period - Stopped by Carter Hutton without a rebound.
5:58 of 1st period - Petr Straka wins face-off versus Philip Varone in Thunderbirds zone.
6:02 of 1st period - Off-side.
6:03 of 1st period - Philip Varone wins face-off versus Kirill Kaprizov in neutral zone.
6:37 of 1st period - Snap shot by Patrick Brown.
6:37 of 1st period - Stopped by Michael Hutchinson with a rebound.
6:55 of 1st period - Wrist shot by Chris Brown.
6:55 of 1st period - Stopped by Carter Hutton without a rebound.
6:56 of 1st period - Elias Lindholm wins face-off versus Victor Rask in Thunderbirds zone.
7:54 of 1st period - Icing by Radim Simek.
7:55 of 1st period - Mitchell Heard wins face-off versus Victor Rask in Thunderbirds zone.
8:25 of 1st period - Wrist shot by Philip Varone.
8:25 of 1st period - Stopped by Carter Hutton with a rebound.
8:45 of 1st period - Radim Simek is hit by Tage Thompson and loses puck.
9:04 of 1st period - Snap shot by Matt Puempel.
9:04 of 1st period - Shot Misses the Net.
9:52 of 1st period - Snap shot by Elias Lindholm.
9:52 of 1st period - Stopped by Michael Hutchinson with a rebound.
9:54 of 1st period - Wrist shot by Elias Lindholm.
9:54 of 1st period - Deflect By Petr Straka.
9:54 of 1st period - Shot Misses the Net.
9:54 of 1st period - Puck is out of play.
9:55 of 1st period - Patrick Brown wins face-off versus Evgeny Svechnikov in Heat zone.
9:56 of 1st period - Snap shot by Dominik Kahun.
9:56 of 1st period - Shot Blocked by Mathieu Brodeur.
10:02 of 1st period - Wrist shot by Patrick Brown.
10:02 of 1st period - Shot Misses the Net.
10:04 of 1st period - Wrist shot by Anthony Beauvillier.
10:04 of 1st period - Stopped by Michael Hutchinson with a rebound.
10:37 of 1st period - Griffin Reinhart is hit by Barclay Goodrow and loses puck.
10:44 of 1st period - Mathieu Brodeur is hit by Petr Straka and loses puck.
11:03 of 1st period - Snap shot by Barclay Goodrow.
11:03 of 1st period - Stopped by Carter Hutton with a rebound.
11:06 of 1st period - Icing by Kale Clague.
11:07 of 1st period - Elias Lindholm wins face-off versus Victor Rask in Thunderbirds zone.
11:41 of 1st period - Snap shot by Patrick Brown.
11:41 of 1st period - Shot Blocked by Petteri Lindbohm.
11:43 of 1st period - Slapshot by Filip Hronek.
11:43 of 1st period - Stopped by Michael Hutchinson without a rebound.
11:44 of 1st period - Victor Rask wins face-off versus Mitchell Heard in Heat zone.
11:44 of 1st period - Victor Rask is hit by Mitchell Heard.
11:50 of 1st period - Backhand shot by Victor Rask.
11:50 of 1st period - Shot Misses the Net.
11:52 of 1st period - Snap shot by Victor Rask.
11:52 of 1st period - Stopped by Carter Hutton without a rebound.
11:53 of 1st period - Mitchell Heard wins face-off versus Matthew Nieto in Thunderbirds zone.
11:58 of 1st period - Slapshot by Griffin Reinhart.
11:58 of 1st period - Deflect By Mitchell Heard.
11:58 of 1st period - Shot Blocked by Dominik Masin.
11:58 of 1st period - Puck is out of play.
11:59 of 1st period - Victor Rask wins face-off versus Patrick Brown in Heat zone.
12:46 of 1st period - Snap shot by Dominik Kahun.
12:46 of 1st period - Shot Blocked by Mathieu Brodeur.
12:48 of 1st period - Backhand shot by Anthony Beauvillier.
12:48 of 1st period - Shot Blocked by Rasmus Andersson.
12:58 of 1st period - Snap shot by Patrick Brown.
12:58 of 1st period - Stopped by Michael Hutchinson without a rebound.
12:59 of 1st period - Victor Rask wins face-off versus Elias Lindholm in Heat zone.
13:04 of 1st period - Snap shot by Matthew Nieto.
13:04 of 1st period - Stopped by Carter Hutton with a rebound.
13:51 of 1st period - Wrist shot by Ryan Spooner.
13:51 of 1st period - Stopped by Carter Hutton with a rebound.
15:20 of 1st period - Mathieu Brodeur is hit by Shane Prince and loses puck.
15:37 of 1st period - Slapshot by Kirill Kaprizov.
15:37 of 1st period - Shot Misses the Net.
17:03 of 1st period - Snap shot by Drake Batherson.
17:03 of 1st period - Stopped by Michael Hutchinson with a rebound.
17:18 of 1st period - Philip Varone is hit by Radim Simek.
17:38 of 1st period - Kale Clague is hit by Jesper Bratt and loses puck.
18:19 of 1st period - Mitchell Heard is hit by Matthew Nieto.
18:23 of 1st period - Drake Batherson is hit by Matthew Nieto and loses puck.
18:38 of 1st period - Snap shot by Matthew Nieto.
18:38 of 1st period - Stopped by Carter Hutton without a rebound.
18:39 of 1st period - Elias Lindholm wins face-off versus Philip Varone in Thunderbirds zone.
19:11 of 1st period - Snap shot by Anthony Beauvillier.
19:11 of 1st period - Shot Blocked by Rasmus Andersson.
19:28 of 1st period - Icing by Griffin Reinhart.
19:29 of 1st period - Mitchell Heard wins face-off versus Nico Sturm in Thunderbirds zone.
Goals for this period are 0 for Heat vs 0 for Thunderbirds.
Shots for this period are 13 for Heat vs 8 for Thunderbirds.
2nd period
0:01 of 2nd period - Elias Lindholm wins face-off versus Victor Rask in neutral zone.
0:26 of 2nd period - Wrist shot by Dominik Kahun.
0:26 of 2nd period - Shot Blocked by Barclay Goodrow.
0:28 of 2nd period - Wrist shot by Radim Simek.
0:28 of 2nd period - Deflect By Dominik Kahun.
0:28 of 2nd period - Goal by Dominik Kahun - Heat : 0 - Thunderbirds : 1.
0:29 of 2nd period - Elias Lindholm wins face-off versus Victor Rask in neutral zone.
1:06 of 2nd period - Snap shot by Patrick Brown.
1:06 of 2nd period - Shot Blocked by Dominik Masin.
1:08 of 2nd period - Backhand shot by Filip Hronek.
1:08 of 2nd period - Shot Blocked by Dominik Masin.
1:51 of 2nd period - Slapshot by Petteri Lindbohm.
1:51 of 2nd period - Stopped by Carter Hutton with a rebound.
2:42 of 2nd period - Slapshot by Griffin Reinhart.
2:42 of 2nd period - Shot Misses the Net.
2:44 of 2nd period - Slapshot by Griffin Reinhart.
2:44 of 2nd period - Shot Misses the Net.
3:02 of 2nd period - Snap shot by Victor Rask.
3:02 of 2nd period - Shot Misses the Net.
3:04 of 2nd period - Slapshot by Victor Rask.
3:04 of 2nd period - Shot Misses the Net.
3:06 of 2nd period - Snap shot by Evgeny Svechnikov.
3:06 of 2nd period - Goal by Evgeny Svechnikov - Heat : 1 - Thunderbirds : 1.
3:07 of 2nd period - Elias Lindholm wins face-off versus Victor Rask in neutral zone.
3:32 of 2nd period - Patrick Brown is hit by Peter Cehlarik and loses puck.
3:37 of 2nd period - Snap shot by Philip Varone.
3:37 of 2nd period - Stopped by Carter Hutton with a rebound.
4:00 of 2nd period - Snap shot by Drake Batherson.
4:00 of 2nd period - Stopped by Michael Hutchinson with a rebound.
4:20 of 2nd period - Wrist shot by Petr Straka.
4:20 of 2nd period - Shot Misses the Net.
4:22 of 2nd period - Snap shot by Elias Lindholm.
4:22 of 2nd period - Stopped by Michael Hutchinson with a rebound.
4:24 of 2nd period - Slapshot by Viktor Baldayev.
4:24 of 2nd period - Deflect By Petr Straka.
4:24 of 2nd period - Shot Blocked by Mathieu Brodeur.
4:24 of 2nd period - Puck is out of play.
4:25 of 2nd period - Elias Lindholm wins face-off versus Philip Varone in Heat zone.
4:38 of 2nd period - Slapshot by Elias Lindholm.
4:38 of 2nd period - Stopped by Michael Hutchinson with a rebound.
5:37 of 2nd period - Wrist shot by Tanner Laczynski.
5:37 of 2nd period - Shot Blocked by Peter Cehlarik.
5:39 of 2nd period - Slapshot by Filip Hronek.
5:39 of 2nd period - Stopped by Michael Hutchinson with a rebound.
5:41 of 2nd period - Slapshot by Tanner Laczynski.
5:41 of 2nd period - Deflect By Matt Puempel.
5:41 of 2nd period - Stopped by Michael Hutchinson with a rebound.
5:43 of 2nd period - Slapshot by Filip Hronek.
5:43 of 2nd period - Deflect By Tanner Laczynski.
5:43 of 2nd period - Stopped by Michael Hutchinson without a rebound.
5:44 of 2nd period - Elias Lindholm wins face-off versus Victor Rask in Heat zone.
5:45 of 2nd period - Wrist shot by Petr Straka.
5:45 of 2nd period - Shot Misses the Net.
5:47 of 2nd period - Minor Penalty to Petteri Lindbohm for Roughing.
5:48 of 2nd period - Elias Lindholm wins face-off versus Barclay Goodrow in Heat zone.
6:46 of 2nd period - Dominik Masin is hit by Elias Lindholm and loses puck.
7:36 of 2nd period - Kirill Kaprizov is hit by Mathieu Brodeur and loses puck.
7:47 of 2nd period - Penalty to Petteri Lindbohm is over, Petteri Lindbohm is back on ice.
7:51 of 2nd period - Christian Jaros is hit by Drake Batherson and loses puck.
9:57 of 2nd period - Slapshot by Mitchell Heard.
9:57 of 2nd period - Shot Misses the Net.
10:21 of 2nd period - Wrist shot by Dominik Kahun.
10:21 of 2nd period - Stopped by Michael Hutchinson without a rebound.
10:22 of 2nd period - Dylan Gambrell wins face-off versus Victor Rask in Heat zone.
10:31 of 2nd period - Snap shot by Tanner Laczynski.
10:31 of 2nd period - Stopped by Michael Hutchinson with a rebound.
10:33 of 2nd period - Snap shot by Tanner Laczynski.
10:33 of 2nd period - Goal by Tanner Laczynski - Heat : 1 - Thunderbirds : 2.
10:34 of 2nd period - Victor Rask wins face-off versus Petr Straka in neutral zone.
10:47 of 2nd period - Snap shot by Matthew Nieto.
10:47 of 2nd period - Shot Misses the Net.
10:57 of 2nd period - Minor Penalty to Kirill Kaprizov for Hooking.
10:58 of 2nd period - Victor Rask wins face-off versus Elias Lindholm in Thunderbirds zone.
11:31 of 2nd period - Griffin Reinhart is hit by Philip Varone and loses puck.
12:37 of 2nd period - Roberts Lipsbergs is hit by Erik Brannstrom and loses puck.
12:57 of 2nd period - Penalty to Kirill Kaprizov is over, Kirill Kaprizov is back on ice.
13:36 of 2nd period - Wrist shot by Tanner Laczynski.
13:36 of 2nd period - Stopped by Michael Hutchinson without a rebound.
13:37 of 2nd period - Petr Straka wins face-off versus Ryan Spooner in Heat zone.
13:48 of 2nd period - Wrist shot by Elias Lindholm.
13:48 of 2nd period - Stopped by Michael Hutchinson with a rebound.
13:50 of 2nd period - Slapshot by Jacob Larsson.
13:50 of 2nd period - Shot Blocked by Mathieu Brodeur.
13:52 of 2nd period - Wrist shot by Petr Straka.
13:52 of 2nd period - Shot Blocked by Jesper Bratt.
14:02 of 2nd period - Jacob Larsson is hit by Matthew Nieto and loses puck.
14:21 of 2nd period - Slapshot by Rasmus Andersson.
14:21 of 2nd period - Stopped by Carter Hutton with a rebound.
14:23 of 2nd period - Wrist shot by Mathieu Brodeur.
14:23 of 2nd period - Stopped by Carter Hutton with a rebound.
14:25 of 2nd period - Snap shot by Barclay Goodrow.
14:25 of 2nd period - Stopped by Carter Hutton without a rebound.
14:26 of 2nd period - Philip Varone wins face-off versus Elias Lindholm in Thunderbirds zone.
14:27 of 2nd period - Slapshot by Erik Brannstrom.
14:27 of 2nd period - Goal by Erik Brannstrom - Heat : 2 - Thunderbirds : 2.
14:28 of 2nd period - Victor Rask wins face-off versus Elias Lindholm in neutral zone.
14:35 of 2nd period - Slapshot by Matthew Nieto.
14:35 of 2nd period - Shot Blocked by Viktor Baldayev.
14:50 of 2nd period - Icing by Mathieu Brodeur.
14:51 of 2nd period - Patrick Brown wins face-off versus Philip Varone in Heat zone.
15:06 of 2nd period - Dominik Kahun is hit by Rasmus Andersson and loses puck.
15:35 of 2nd period - Radim Simek is hit by Chris Brown and loses puck.
15:47 of 2nd period - Minor Penalty to Patrick Brown for Cross-checking.
15:48 of 2nd period - Elias Lindholm wins face-off versus Victor Rask in Thunderbirds zone.
17:47 of 2nd period - Penalty to Patrick Brown is over, Patrick Brown is back on ice.
17:52 of 2nd period - Dominik Kahun is hit by Chris Brown and loses puck.
17:59 of 2nd period - Wrist shot by Peter Cehlarik.
17:59 of 2nd period - Shot Misses the Net.
19:07 of 2nd period - Snap shot by Ryan Spooner.
19:07 of 2nd period - Stopped by Carter Hutton without a rebound.
19:08 of 2nd period - Ryan Spooner wins face-off versus Patrick Brown in Thunderbirds zone.
19:29 of 2nd period - Matthew Nieto is hit by Petr Straka and loses puck.
19:52 of 2nd period - Snap shot by Kirill Kaprizov.
19:52 of 2nd period - Shot Misses the Net.
19:56 of 2nd period - Snap shot by Drake Batherson.
19:56 of 2nd period - Deflect By Mitchell Heard.
19:56 of 2nd period - Shot Blocked by Mathieu Brodeur.
19:56 of 2nd period - Puck is out of play.
19:57 of 2nd period - Philip Varone wins face-off versus Mitchell Heard in Heat zone.
19:59 of 2nd period - Icing by Peter Cehlarik.
Goals for this period are 2 for Heat vs 2 for Thunderbirds.
Shots for this period are 8 for Heat vs 12 for Thunderbirds.
3rd period
0:01 of 3rd period - Elias Lindholm wins face-off versus Victor Rask in neutral zone.
0:17 of 3rd period - Wrist shot by Victor Rask.
0:17 of 3rd period - Shot Misses the Net.
0:27 of 3rd period - Rasmus Andersson is hit by Viktor Baldayev and loses puck.
0:52 of 3rd period - Dominik Masin is hit by Griffin Reinhart and loses puck.
1:17 of 3rd period - Slapshot by Tanner Laczynski.
1:17 of 3rd period - Goal by Tanner Laczynski - Heat : 2 - Thunderbirds : 3.
1:18 of 3rd period - Victor Rask wins face-off versus Elias Lindholm in neutral zone.
1:45 of 3rd period - Philip Varone is hit by Mitchell Heard and loses puck.
2:11 of 3rd period - Ryan Spooner is hit by Jake Walman and loses puck.
2:38 of 3rd period - Snap shot by Petr Straka.
2:38 of 3rd period - Shot Blocked by Tage Thompson.
3:25 of 3rd period - Off-side.
3:26 of 3rd period - Ryan Spooner wins face-off versus Patrick Brown in neutral zone.
4:12 of 3rd period - Minor Penalty to Barclay Goodrow for High sticking.
4:13 of 3rd period - Philip Varone wins face-off versus Elias Lindholm in Heat zone.
4:28 of 3rd period - Slapshot by Philip Varone.
4:28 of 3rd period - Shot Blocked by Viktor Baldayev.
5:20 of 3rd period - Nico Sturm is hit by Dominik Kahun and loses puck.
6:12 of 3rd period - Penalty to Barclay Goodrow is over, Barclay Goodrow is back on ice.
6:13 of 3rd period - Slapshot by Griffin Reinhart.
6:13 of 3rd period - Shot Misses the Net.
6:17 of 3rd period - Wrist shot by Tyson Jost.
6:17 of 3rd period - Stopped by Michael Hutchinson with a rebound.
6:23 of 3rd period - Snap shot by Jacob Larsson.
6:23 of 3rd period - Stopped by Michael Hutchinson with a rebound.
6:53 of 3rd period - Slapshot by Ryan Spooner.
6:53 of 3rd period - Deflect By Jesper Bratt.
6:53 of 3rd period - Stopped by Carter Hutton with a rebound.
6:55 of 3rd period - Slapshot by Erik Brannstrom.
6:55 of 3rd period - Shot Misses the Net.
6:57 of 3rd period - Snap shot by Chris Brown.
6:57 of 3rd period - Stopped by Carter Hutton with a rebound.
7:22 of 3rd period - Icing by Jesper Bratt.
7:23 of 3rd period - Jesper Bratt wins face-off versus Patrick Brown in Heat zone.
8:32 of 3rd period - Snap shot by Patrick Brown.
8:32 of 3rd period - Shot Misses the Net.
8:38 of 3rd period - Slapshot by Dominik Kahun.
8:38 of 3rd period - Shot Hit the Post.
8:40 of 3rd period - Snap shot by Patrick Brown.
8:40 of 3rd period - Stopped by Michael Hutchinson with a rebound.
9:08 of 3rd period - Icing by Evgeny Svechnikov.
9:09 of 3rd period - Elias Lindholm wins face-off versus Victor Rask in Heat zone.
9:12 of 3rd period - Snap shot by Kirill Kaprizov.
9:12 of 3rd period - Stopped by Michael Hutchinson without a rebound.
9:13 of 3rd period - Elias Lindholm wins face-off versus Victor Rask in Heat zone.
9:16 of 3rd period - Wrist shot by Petr Straka.
9:16 of 3rd period - Stopped by Michael Hutchinson without a rebound.
9:17 of 3rd period - Elias Lindholm wins face-off versus Victor Rask in Heat zone.
9:42 of 3rd period - Wrist shot by Anthony Beauvillier.
9:42 of 3rd period - Shot Misses the Net.
9:54 of 3rd period - Dominik Kahun is hit by Philip Varone and loses puck.
10:11 of 3rd period - Wrist shot by Nico Sturm.
10:11 of 3rd period - Stopped by Carter Hutton with a rebound.
10:13 of 3rd period - Slapshot by Erik Brannstrom.
10:13 of 3rd period - Deflect By Nico Sturm.
10:13 of 3rd period - Shot Misses the Net.
10:13 of 3rd period - Puck is out of play.
10:14 of 3rd period - Victor Rask wins face-off versus Elias Lindholm in Thunderbirds zone.
10:21 of 3rd period - Slapshot by Evgeny Svechnikov.
10:21 of 3rd period - Shot Misses the Net.
10:23 of 3rd period - Slapshot by Evgeny Svechnikov.
10:23 of 3rd period - Stopped by Carter Hutton without a rebound.
10:24 of 3rd period - Victor Rask wins face-off versus Elias Lindholm in Thunderbirds zone.
10:35 of 3rd period - Wrist shot by Evgeny Svechnikov.
10:35 of 3rd period - Deflect By Matthew Nieto.
10:35 of 3rd period - Shot Misses the Net.
10:35 of 3rd period - Puck is out of play.
10:36 of 3rd period - Victor Rask wins face-off versus Elias Lindholm in Thunderbirds zone.
11:10 of 3rd period - Snap shot by Dominik Kahun.
11:10 of 3rd period - Shot Blocked by Mathieu Brodeur.
11:36 of 3rd period - Wrist shot by Mitchell Heard.
11:36 of 3rd period - Stopped by Michael Hutchinson with a rebound.
11:38 of 3rd period - Snap shot by Mitchell Heard.
11:38 of 3rd period - Stopped by Michael Hutchinson with a rebound.
11:40 of 3rd period - Wrist shot by Radim Simek.
11:40 of 3rd period - Shot Misses the Net.
11:54 of 3rd period - Kirill Kaprizov is hit by Erik Brannstrom and loses puck.
12:02 of 3rd period - Off-side.
12:03 of 3rd period - Patrick Brown wins face-off versus Victor Rask in neutral zone.
12:08 of 3rd period - Wrist shot by Anthony Beauvillier.
12:08 of 3rd period - Shot Misses the Net.
12:10 of 3rd period - Snap shot by Patrick Brown.
12:10 of 3rd period - Stopped by Michael Hutchinson with a rebound.
12:12 of 3rd period - Slapshot by Griffin Reinhart.
12:12 of 3rd period - Shot Misses the Net.
12:16 of 3rd period - Wrist shot by Patrick Brown.
12:16 of 3rd period - Shot Misses the Net.
12:18 of 3rd period - Wrist shot by Patrick Brown.
12:18 of 3rd period - Shot Misses the Net.
12:29 of 3rd period - Minor Penalty to Viktor Baldayev for High sticking.
12:30 of 3rd period - Victor Rask wins face-off versus Elias Lindholm in Thunderbirds zone.
14:29 of 3rd period - Penalty to Viktor Baldayev is over, Viktor Baldayev is back on ice.
15:58 of 3rd period - Snap shot by Drake Batherson.
15:58 of 3rd period - Stopped by Michael Hutchinson with a rebound.
16:10 of 3rd period - Petteri Lindbohm is hit by Viktor Baldayev and loses puck.
16:24 of 3rd period - Minor Penalty to Viktor Baldayev for Tripping.
16:25 of 3rd period - Elias Lindholm wins face-off versus Philip Varone in Thunderbirds zone.
16:31 of 3rd period - Icing by Philip Varone.
16:32 of 3rd period - Elias Lindholm wins face-off versus Philip Varone in Heat zone.
16:35 of 3rd period - Slapshot by Kirill Kaprizov.
16:35 of 3rd period - Deflect By Elias Lindholm.
16:35 of 3rd period - Stopped by Michael Hutchinson with a rebound.
16:45 of 3rd period - Jacob Larsson is hit by Barclay Goodrow and loses puck.
17:02 of 3rd period - Snap shot by Victor Rask.
17:02 of 3rd period - Shot Misses the Net.
17:04 of 3rd period - Slapshot by Rasmus Andersson.
17:04 of 3rd period - Deflect By Evgeny Svechnikov.
17:04 of 3rd period - Shot Blocked by Filip Hronek.
17:04 of 3rd period - Puck is out of play.
17:05 of 3rd period - Petr Straka wins face-off versus Victor Rask in Thunderbirds zone.
17:49 of 3rd period - Icing by Erik Brannstrom.
17:50 of 3rd period - Elias Lindholm wins face-off versus Philip Varone in Heat zone.
18:24 of 3rd period - Penalty to Viktor Baldayev is over, Viktor Baldayev is back on ice.
18:59 of 3rd period - Elias Lindholm is hit by Peter Cehlarik and loses puck.
19:02 of 3rd period - Heat, Michael Hutchinson is pulled from the net.
19:28 of 3rd period - Snap shot by Philip Varone.
19:28 of 3rd period - Stopped by Carter Hutton without a rebound.
19:29 of 3rd period - Craig MacTavish call a timeout for Heat.
19:29 of 3rd period - Elias Lindholm wins face-off versus Victor Rask in Thunderbirds zone.
19:36 of 3rd period - Slapshot by Matthew Nieto.
19:36 of 3rd period - Stopped by Carter Hutton without a rebound.
19:37 of 3rd period - Elias Lindholm wins face-off versus Victor Rask in Thunderbirds zone.
19:37 of 3rd period - Elias Lindholm is hit by Victor Rask.
19:40 of 3rd period - Minor Penalty to Kirill Kaprizov for Interference.
19:41 of 3rd period - Elias Lindholm wins face-off versus Evgeny Svechnikov in Thunderbirds zone.
Goals for this period are 0 for Heat vs 1 for Thunderbirds.
Shots for this period are 6 for Heat vs 11 for Thunderbirds.